Map: Lerilak Crest

Players

Freelax - Winner!

  • Race: Zerg Zerg
  • League: Platinum

Cole

  • Race: Zerg Zerg
  • League: Platinum

VOD

Have the link to the VOD?

Description

Time

  • Played on: Feb. 3, 2016, 6:38 p.m.
  • Length: 7:07
Show
View Real Time Build Order
Export as new Build Order

Freelax Zerg - Winner!

Build Orders: Pool First, Zergling Baneling 

Get SALT Encoding   

  12  0:01  Drone  
  13  0:15  Extractor  
  12  0:25  Spawning Pool  
  11  0:29  Drone  
  11  0:33  Drone  
  13  0:39  Drone  
  14  0:50  Overlord  
  14  1:13  Zergling x6  
  14  1:16  Metabolic Boost  
  17  1:25  Zergling x2  
  18  1:33  Queen  
  18  1:38  Zergling x2  
  21  1:47  Baneling Nest  
  21  1:51  Zergling x2  
  21  2:01  Overlord  
  19  2:23  Zergling x4  
  21  2:36  Baneling  
  21  2:38  Baneling  
  21  2:39  Baneling x2  
  21  2:44  Zergling x2  
  21  2:45  Zergling x2  
  17  3:19  Baneling x4  
  17  3:21  Zergling x2  
  17  3:22  Zergling x10  
  23  3:40  Zergling x2  
  24  3:49  Zergling x2  
  17  4:17  Zergling x6  
  19  4:24  Zergling x2  
  19  4:25  Zergling x4  
  19  4:31  Zergling x2  
  23  4:37  Hatchery  
  21  4:51  Baneling  
  21  4:57  Baneling  
  21  5:04  Baneling x4  
  18  5:21  Zergling x2  
  18  5:22  Zergling x6  
  19  5:46  Zergling x4  
  19  5:49  Queen  
  22  5:54  Zergling x8  
  26  6:00  Zergling x2  
  27  6:11  Zergling x4  
  28  6:29  Zergling x10  
  33  6:37  Zergling x4  
  35  6:44  Overlord  
Show
View Real Time Build Order
Export as new Build Order

Cole Zerg 

Build Orders: Pool First 

Get SALT Encoding   

  12  0:01  Drone  
  13  0:12  Overlord  
  13  0:17  Drone  
  14  0:30  Drone  
  14  0:31  Drone  
  14  0:33  Extractor  
  14  0:35  Drone  
  16  0:50  Spawning Pool  
  16  0:51  Drone  
  16  0:57  Drone  
  17  1:23  Hatchery  
  16  1:26  Drone  
  17  1:36  Metabolic Boost  
  17  1:38  Zergling x2  
  18  1:41  Zergling x2  
  19  1:47  Overlord  
  19  1:58  Zergling x2  
  20  2:03  Zergling x2  
  20  2:07  Spine Crawler  
  20  2:15  Zergling x2  
  20  2:21  Queen  
  21  2:23  Zergling x2  
  22  2:35  Zergling x4  
  24  2:45  Baneling Nest  
  13  3:13  Zergling x8  
  13  3:14  Zergling x4  
  19  3:23  Spine Crawler  
  18  3:27  Queen  
  18  3:30  Baneling  
  20  3:35  Drone  
  20  3:37  Drone  
  22  3:47  Drone x2  
  16  4:16  Drone x2  
  16  4:17  Drone x2  
  17  4:25  Drone x2  
  19  4:32  Drone x2  
  21  4:54  Drone x3, Roach Warren  
  21  4:55  Drone  
  20  5:16  Drone x2  
  20  5:17  Drone  
  20  5:20  Zergling x6  
  26  5:24  Drone x2  
  23  5:43  Drone x2  
  23  5:44  Drone  
  25  5:58  Roach x2  
  25  6:04  Drone x3  
  32  6:12  Overlord  
  32  6:23  Drone  
  32  6:24  Drone x2  
  35  6:49  Drone x6, Spore Crawler  
  40  7:01  Spore Crawler  
  38  7:02  Spore Crawler  
Tags
 
Add a new tag
Caveats
  • Supply blocks, unpowered buildings, or Contaminate may cause inaccurate times.
  • Supply counts are checked every 10 seconds.